 Dungeon Crawl Stone Soup version 0.28.0-1-gb440e238dd (webtiles) character file.

Game seed: 9560612255815828628

12420 Kaptain the Geomancer (level 11, 0/72 HPs)
             Began as an Octopode Earth Elementalist on Feb 20, 2022.
             Slain by a boulder beetle (16 damage)
             ... on level 12 of the Dungeon.
             The game lasted 00:38:54 (13824 turns).

Kaptain the Geomancer (OpEE)                       Turns: 13824, Time: 00:38:55

Health: 0/72       AC:  1    Str:  8    XL:     11   Next: 93%
Magic:  57/59      EV: 15    Int: 21    God:
Gold:   639        SH:  4    Dex: 13    Spells: 19/27 levels left

rFire   . . .      SeeInvis .   j - +0 hunting sling
rCold   . . .      Faith    .   H - +0 buckler
rNeg    + . .      Spirit   .   (helmet restricted)
rPois   +          Reflect  .   B - amulet of magic regeneration
rElec   .          Harm     .   g - ring of positive energy
rCorr   +          Rampage  .   l - ring of magical power
Will    .....                   d - ring of poison resistance
Stlth   +++++.....              p - ring of magical power
HPRegen 0.22/turn               v - ring of flight
MPRegen 0.76/turn               y - ring of magical power
                                o - ring of the Ego {MP+9 Slay+4}
                                K - ring of resist corrosion

@: about to teleport, flying
A: almost no armour, amphibious, 8 rings, camouflage 1, gelatinous body 1,
(nimble swimmer 1), tentacles
a: no special abilities


You were on level 12 of the Dungeon.
You visited 2 branches of the dungeon, and saw 13 of its levels.
You also visited: Sewer.

You collected 639 gold pieces.

Inventory:

Hand Weapons
 a - a +2 trident of flaming
 j - a +0 hunting sling (weapon)
 n - a +1 short sword of venom
 A - a +3 trident of venom
Missiles
 b - 230 stones
 k - 31 poisoned darts
 z - 63 sling bullets (quivered ammo)
 J - 6 curare-tipped darts
Armour
 H - a +0 buckler (worn)
Jewellery
 d - a ring of poison resistance (on tentacle)
 g - a ring of positive energy (left tentacle)
 l - a ring of magical power (right tentacle)
 o - the ring of the Ego (on tentacle) {MP+9 Slay+4}
   (You acquired it on level 8 of the Dungeon)

   [ring of slaying]

   Slay:      It affects your accuracy & damage with ranged weapons and melee
   (+4).
   MP:        It affects your magic capacity (+9).
 p - a ring of magical power (on tentacle)
 v - a ring of flight (on tentacle)
 y - a ring of magical power (on tentacle)
 B - an amulet of magic regeneration (around mantle)
 K - a ring of resist corrosion (on tentacle)
Wands
 r - a wand of polymorph (11)
 x - a wand of flame (14)
 F - a wand of mindburst (5)
Scrolls
 h - 5 scrolls of teleportation
 D - a scroll of magic mapping
 I - a scroll of enchant weapon
Potions
 c - 2 potions of heal wounds
 e - 4 potions of flight
 f - 4 potions of curing
 i - 3 potions of berserk rage
 m - 3 potions of lignification
 q - a potion of haste
 s - a potion of magic
 t - a potion of mutation
 u - a potion of brilliance
 w - a potion of might
 C - a potion of invisibility {unknown}
 G - a potion of attraction {unknown}


   Skills:
 + Level 6.1 Fighting
 + Level 6.6 Dodging
 - Level 8.7 Stealth
 + Level 2.2 Shields
 * Level 8.5 Spellcasting
 * Level 8.7 Conjurations
 - Level 1.0 Transmutations
 * Level 9.4 Earth Magic


You had 19 spell levels left.
You knew the following spells:

 Your Spells              Type           Power      Damage    Failure   Level
a - Sandblast             Erth           96%        2d20      1%          1
b - Stone Arrow           Conj/Erth      94%        3d12      1%          3
c - Flame Wave            Conj/Fire      27%        2d7       17%         4

Your spell library contained the following spells:

 Spells                   Type           Power      Damage    Failure   Level
 Foxfire                  Conj/Fire      100%       2x1d9     1%          1
 Passwall                 Tmut/Erth      25%        N/A       1%          2
 Conjure Flame            Conj/Fire      27%        6-21      4%          3
 Dazzling Flash           Conj/Hex       54%        N/A       4%          3
 Beastly Appendage        Tmut           26%        N/A       7%          1
 Wereblood                Tmut           13%        N/A       10%         2
 Petrify                  Tmut/Erth      30%        N/A       12%         4
 Spider Form              Tmut/Pois      11%        N/A       24%         3
 Frozen Ramparts          Ice            16%        1d3       30%         3
 Gell's Gravitas          Tloc           8%         N/A       30%         3
 Inner Flame              Hex/Fire       8%         N/A       30%         3
 Lesser Beckoning         Tloc           8%         N/A       30%         3
 Teleport Other           Tloc           8%         N/A       30%         3
 Ice Form                 Ice/Tmut       11%        N/A       63%         4
 Summon Ice Beast         Ice/Summ       8%         N/A       69%         4
 Agony                    Necr           8%         N/A       95%         5
 Silence                  Hex/Air        4%         N/A       95%         5
 Chain Lightning          Conj/Air       13%        3d18      100%        9
 Fire Storm               Conj/Fire      13%        8d4       100%        9
 Shatter                  Erth           24%        3d21*     100%        9


Dungeon Overview and Level Annotations

Branches:
Dungeon (12/15)            Temple (1/1) D:5             Orc (0/2) D:10
  Sewer (visited)
   Lair: D:8-11

Altars:
Ashenzari
Cheibriados
Dithmenos
Elyvilon
Fedhas
Gozag
Hepliaklqana
Kikubaaqudgha
Makhleb
Nemelex Xobeh
Okawaru
Qazlal
Ru
Sif Muna
Trog
Uskayaw
Vehumet
Wu Jian
Xom
Yredelemnul
Zin
The Shining One

Shops:
D:4 :   D:10 (


Innate Abilities, Weirdness & Mutations

You cannot wear most types of armour.
You are amphibious.
You can wear up to eight rings at the same time.
Your skin changes colour to match your surroundings (Stealth+).
Your rubbery body absorbs attacks. (AC +1, EV +1)
((You are camouflaged when in or above water. (Stealth+)))
You have tentacles for arms and can constrict up to eight enemies at once.


Message History

The centaur warrior zombie is almost destroyed.
The boulder beetle curls into a ball and begins rolling!
The centaur warrior zombie hits you! The centaur warrior zombie kicks you.
Casting: Stone Arrow (safe; 1% risk of failure)
Confirm with . or Enter, or press ? or * to list all spells.
Aiming: Stone Arrow (safe; 1% risk of failure)
Press: ? - help, Shift-Dir - straight line, f/p - centaur warrior zombie
Aim: a centaur warrior zombie (almost destroyed, 98% to hit)
The stone arrow hits the centaur warrior zombie!
You destroy the centaur warrior zombie!
Unknown command.
Casting: Stone Arrow (safe; 1% risk of failure)
Confirm with . or Enter, or press ? or * to list all spells.
Aiming: Stone Arrow (safe; 1% risk of failure)
Press: ? - help, Shift-Dir - straight line, f - you That beam is likely to hit you.
Continue anyway?
Okay, then.
Unknown command.
Casting: Stone Arrow (safe; 1% risk of failure)
Confirm with . or Enter, or press ? or * to list all spells.
Aiming: Stone Arrow (safe; 1% risk of failure)
Press: ? - help, Shift-Dir - straight line, f - boulder beetle
Aim: a boulder beetle (rolling, 100% to hit)
The stone arrow hits the boulder beetle.
The boulder beetle is lightly wounded.
Unknown command.
Unknown command.
The boulder beetle hits you!!!
Ouch! That really hurt!
* * * LOW HITPOINT WARNING * * *
The boulder beetle stops rolling and uncurls.
You fly downwards.
There is a stone staircase leading up here.
Unknown command.
You feel better. The boulder beetle bites you!
* * * LOW HITPOINT WARNING * * *
As you read the scroll of teleportation, it crumbles to dust.
You feel strangely unstable. The boulder beetle closely misses you.
You feel better. The boulder beetle bites you!
You die...

*********########################
,,,,,,,,,........................
,,,,,,*,,.........#*#............
,,,,,,*,,.........# #....##......
,,,,,,,,,.........###............
,,,,,,,,,.......@......†.........
*,,,,,,,,........B....<##########
*,,,,,,,,.....>.....##.#,,,,,,,,,
+,,,,,,,*#######....##.#,,,,,,,,,
*,,,,,,,,,,,,.......##.+,,,,,,,,,
*,,,,,,,,,,,...........#*********
************######+#####,,,,,,,,,
,,* *,,,,,,,,,,,,,,+,,,,,,,,, ,,*
*,,,,,,,,,,,,,,*,,,,,,,,,


You could see a boulder beetle.

Vanquished Creatures
  A hydra (D:12)
  4 two-headed ogres
  Sonja (D:10)
  Joseph (D:8)
  Maggie (D:9)
  A komodo dragon (D:10)
  Psyche (D:8)
  A troll (D:10)
  A hornet (D:8)
  A meliai zombie (D:11)
  A wyvern (D:10)
  7 yaks
  A wraith (D:11)
  Grum (D:11)
  5 vampire mosquitoes
  2 acid dragons
  A water moccasin (D:9)
  An ice beast (D:8)
  5 orc warriors
  3 sky beasts
  2 black bears
  2 wolves (D:11)
  4 necrophages
  An ogre (D:4)
  6 centaurs
  A kobold brigand (D:8)
  4 bullfrogs
  3 scorpions
  A wyvern zombie (D:7)
  A wyvern skeleton (D:7)
  An electric eel (D:7)
  2 howler monkeys
  3 wights (D:11)
  5 centaur zombies
  A hound (D:4)
  A centaur skeleton (D:5)
  3 bullfrog skeletons
  4 gnoll shamans
  3 orc priests
  An iguana (D:7)
  3 orc wizards
  A merfolk siren (Sewer)
  A merfolk avatar (Sewer)
  A hound skeleton (D:2)
  A mummy (D:11)
  A howler monkey skeleton (D:6)
  A howler monkey zombie (D:5)
  16 gnolls
  8 adders
  3 river rats (Sewer)
  A shadow imp (D:5)
  An ufetubus (D:6)
  A worm (D:2)
  2 dart slugs
  26 orcs
  7 bats
  12 endoplasms
  4 giant cockroaches
  5 goblins
  4 hobgoblins
  A jackal (D:1)
  5 quokkas
  8 ball pythons
  7 frilled lizards
  11 kobolds
  26 rats
246 creatures vanquished.

Notes
Turn   | Place    | Note
-------+----------+-------------------------------------------
     0 | D:1      | Kaptain the Octopode Earth Elementalist began the quest for
                  | the Orb.
     0 | D:1      | Reached XP level 1. HP: 11/11 MP: 3/3
   246 | D:1      | Reached XP level 2. HP: 3/18 MP: 1/5
   706 | D:1      | Reached XP level 3. HP: 20/22 MP: 3/6
   714 | D:1      | Learned a level 3 spell: Stone Arrow
  1167 | D:2      | Reached skill level 1 in Fighting
  1167 | D:2      | Reached XP level 4. HP: 28/28 MP: 5/8
  1176 | D:2      | Reached skill level 1 in Conjurations
  1185 | D:2      | Reached XP level 5. HP: 8/33 MP: 1/9
  1833 | D:3      | Found a bloodstained altar of Trog.
  1838 | D:3      | Found an ornate altar of the Wu Jian Council.
  1997 | D:3      | Found a snail-covered altar of Cheibriados.
  2165 | D:3      | Reached skill level 4 in Earth Magic
  2561 | D:4      | Reached XP level 6. HP: 33/38 MP: 10/10
  2657 | D:4      | Identified the +5 ring mail of the Gloaming {Str+5 Int+4
                  | Stlth-}
  3151 | D:4      | Found Moqon's Self-Improvement Boutique.
  3644 | D:5      | Entered Level 5 of the Dungeon
  3644 | D:5      | Noticed a sky beast
  3653 | D:5      | Killed a sky beast
  3654 | D:5      | Reached XP level 7. HP: 26/45 MP: 3/12
  4050 | D:5      | Identified the +2 robe of Keliur {Fly Dex+2 Slay-3 Stlth+}
  4323 | D:5      | Found a staircase to the Ecumenical Temple.
  4333 | Temple   | Entered the Ecumenical Temple
  4651 | D:5      | Noticed a two-headed ogre
  4658 | D:5      | Killed a two-headed ogre
  4659 | D:5      | Reached skill level 5 in Stealth
  4659 | D:5      | Reached skill level 5 in Earth Magic
  4659 | D:5      | Reached XP level 8. HP: 42/52 MP: 14/15
  5247 | D:6      | Reached skill level 5 in Spellcasting
  5352 | D:6      | Found a glowing drain.
  5392 | Sewer    | Entered a sewer
  5853 | Sewer    | Reached skill level 6 in Earth Magic
  6019 | Sewer    | Reached XP level 9. HP: 57/57 MP: 16/16
  7127 | D:6      | Reached skill level 5 in Conjurations
  8850 | D:8      | Noticed Psyche
  8983 | D:8      | Identified a scroll of acquirement
  8983 | D:8      | Acquired the ring of the Ego {MP+9 Slay+4}
  9002 | D:8      | Killed Psyche
  9003 | D:8      | Reached skill level 7 in Earth Magic
  9058 | D:8      | Found a blossoming altar of Fedhas.
  9079 | D:8      | Reached skill level 5 in Dodging
  9221 | D:8      | Reached XP level 10. HP: 39/65 MP: 19/19
  9266 | D:8      | Found a radiant altar of Vehumet.
  9280 | D:8      | Noticed Joseph
  9288 | D:8      | Killed Joseph
  9971 | D:8      | Learned a level 4 spell: Flame Wave
 10556 | D:9      | Noticed a two-headed ogre
 10619 | D:9      | Noticed Maggie
 10625 | D:9      | Killed Maggie
 10898 | D:9      | Killed a two-headed ogre
 10899 | D:9      | Reached skill level 5 in Fighting
 11007 | D:9      | Noticed a two-headed ogre
 11010 | D:9      | Reached skill level 8 in Earth Magic
 11014 | D:9      | Killed a two-headed ogre
 11269 | D:10     | Entered Level 10 of the Dungeon
 11309 | D:10     | Found a broken altar of Ashenzari.
 11325 | D:10     | Reached XP level 11. HP: 48/72 MP: 22/22
 11580 | D:10     | Noticed a two-headed ogre
 11588 | D:10     | Killed a two-headed ogre
 11653 | D:10     | Noticed Sonja
 11659 | D:10     | Killed Sonja
 11733 | D:10     | Found Ujus's Weapon Boutique.
 11736 | D:10     | Found a staircase to the Orcish Mines.
 12587 | D:11     | Reached skill level 1 in Shields
 12729 | D:11     | Reached skill level 9 in Earth Magic
 12825 | D:11     | Noticed Grum
 12830 | D:11     | Killed Grum
 13013 | D:11     | You are sucked into a shaft and drop 1 floor!
 13018 | D:12     | Noticed an eight-headed hydra
 13026 | D:12     | Killed an eight-headed hydra
 13270 | D:11     | Noticed a boulder beetle
 13824 | D:12     | Slain by a boulder beetle

Illustrated notes

Levels and vault maps discovered:
D:1:      lightli_molten_gateway, layout_rooms, minmay_bisected
D:2:      layout_basic, dk_vineyard_1
D:3:      layout_loops_ring, kennysheep_slug_shrine,
          mainiacjoe_overflow_catwalk_spiral
D:4:      layout_loops_ring, nicolae_shop_self_help
D:5:      layout_cave_pods, minmay_temple_entry_junction
D:6:      layout_loops_ring, gup_sewer_entry_glass
D:7:      layout_gridville, minmay_crystal_water
D:8:      layout_loops_ring, nicolae_vehumet_radiance, fedhas_ov_isle_minmay,
          enter_bailey_6, uniq_psyche, uniq_joseph
D:9:      layout_loops_ring, uniq_maggie
D:10:     layout_long_grid, lemuel_crystal_altar, orc_david_3, uniq_sonja
D:11:     layout_cave_pools, dpeg_oklobed_lair, serial_undead, serial_undead_a,
          serial_undead_e, serial_undead_d, serial_undead_a, uniq_grum
D:12:     layout_stronghold, nicolae_qazlal_style_of_elements, uniq_jorgrun
Temple:   eino_temple_rhombus

Skill      XL: |  1  2  3  4  5  6  7  8  9 10 11 |
---------------+----------------------------------+-----
Stealth        | 3 4 5 7 8 |  8.7
Fighting       | 1 2 3 4 5 6 |  6.1
Conjurations   | 1 2 4 6 7 8 |  8.7
Spellcasting   | 3 4 5 6 7 8 |  8.5
Earth Magic    | 4 5 6 7 8 9 |  9.4
Dodging        | 3 4 5 6 |  6.6
Shields        | 2 |  2.2
Transmutations | |  1.0

Action                   |  1- 3 |  4- 6 |  7- 9 | 10-12 || total
-------------------------+-------+-------+-------+-------++-------
Melee: Unarmed           |    11 |       |       |       ||    11
       Constrict         |     3 |     3 |       |       ||     6
       Tentacles         |     2 |     4 |       |       ||     6
       Spear             |    12 |    15 |       |       ||    27
       Punch             |       |     1 |       |       ||     1
 Fire: Hunting sling     |       |    40 |   103 |    40 ||   183
 Cast: Sandblast         |    33 |    58 |    28 |       ||   119
       Stone Arrow       |       |     8 |   121 |   161 ||   290
       Flame Wave        |       |       |       |     1 ||     1
  Use: Scroll            |       |       |    12 |     9 ||    21
       Potion            |       |       |       |     2 ||     2
 Stab: Sleeping          |     3 |     2 |       |       ||     5
Armor: Skin              |    14 |     2 |       |     3 ||    19
Dodge: Dodged            |    40 |    22 |    32 |    64 ||   158
Block: Buckler           |       |       |       |     7 ||     7
